 Dungeon Crawl Stone Soup version 0.28-a0-1395-g4f6bc678fa (webtiles) character file.

Game seed: 8482984371969458967

10448 HallandMoats the Fighter (level 11, -6/82 HPs)
             Began as a Djinni Fighter on Jan 5, 2022.
             Was a Priest of Qazlal.
             Killed from afar by a shock serpent (shapeshifter) (20 damage)
             ... with a bolt of electricity
             ... on level 10 of the Dungeon.
             The game lasted 00:24:34 (12975 turns).

HallandMoats the Fighter (Djinni Fighter)          Turns: 12975, Time: 00:24:36

Health: -6/82      AC: 11    Str: 17    XL:     11   Next: 93%
Gold:   527        EV: 15    Int:  9    God:    Qazlal [***...] SH: 10 Dex: 16

rFire   + + .      SeeInvis +   b - +2 hand axe (venom)
rCold   x . .      Faith    .   c - +0 buckler
rNeg    . . .      Spirit   .   B - +0 swamp dragon scales
rPois   ∞          Reflect  .   y - +0 helmet
rElec   .          Harm     .   (no cloak)
rCorr   .          Rampage  .   (no gloves)
Will    +....                   (boots unavailable)
Stlth   +.........              D - amulet of regeneration
HPRegen 1.03/turn               j - ring of wizardry
MPRegen 0.00/turn               x - ring of see invisible

@: attractive, flying
A: sickness immunity, fire resistance 2, cold vulnerability 1, float, innate
caster, hp casting, extra vitality 1
a: Renounce Religion, Upheaval, Elemental Force


You were on level 10 of the Dungeon.
You worshipped Qazlal.
Qazlal was most pleased with you.
You visited 2 branches of the dungeon, and saw 11 of its levels.

You collected 527 gold pieces.

Inventory:

Hand Weapons
 a - a +5 flail of draining
 b - a +2 hand axe of venom (weapon)
 u - a +2 war axe of electrocution
 A - a +0 broad axe
Missiles
 t - 3 throwing nets (quivered)
Armour
 c - a +0 buckler (worn)
 y - a +0 helmet (worn)
 B - +0 swamp dragon scales (worn)
 G - the +1 robe of Lies {+Blink rC+}
   (You found it on level 10 of the Dungeon)

   rC:        It protects you from cold.
   +Blink:    It lets you blink.
Jewellery
 j - a ring of wizardry (left hand)
 x - a ring of see invisible (right hand)
 D - an amulet of regeneration (around neck)
Scrolls
 d - a scroll of blinking {unknown}
 e - 3 scrolls of identify
 f - 2 scrolls of noise {unknown}
 g - 2 scrolls of enchant armour {unknown}
 h - 2 scrolls of silence {unknown}
 n - 2 scrolls of fear {unknown}
 r - a scroll of vulnerability {unknown}
 s - 2 scrolls of teleportation {unknown}
 C - a scroll of torment {unknown}
 F - a scroll of enchant weapon {unknown}
Potions
 i - a potion of haste
 l - 3 potions of brilliance
 m - 2 potions of invisibility
 o - a potion of might
 p - a potion of berserk rage {unknown}
 q - a potion of resistance
 v - 2 potions of curing
 w - a potion of cancellation {unknown}
 z - a potion of lignification {unknown}
 E - a potion of ambrosia {unknown}


   Skills:
 * Level 8.4 Fighting
 * Level 7.6 Axes
 * Level 8.3 Armour
 + Level 8.1 Dodging
 - Level 5.0 Shields
 + Level 7.3 Invocations


You couldn't memorise any spells.
You knew the following spells:

 Your Spells              Type           Power      Damage    Failure   Level
a - Sandblast             Erth           0%         2d4       26%         1
b - Corpse Rot            Necr/Air       0%         N/A       38%         2
c - Scorch                Fire           0%         2d5       38%         2
d - Mephitic Cloud        Conj/Pois/Air  0%         N/A       58%         3
e - Summon Forest         Summ/Tloc      0%         N/A       99%         5
Your spell library was empty.

Dungeon Overview and Level Annotations

Branches:
Dungeon (10/15)            Temple (1/1) D:7
   Lair: D:8-11         Orc: D:9-12

Altars:
Ashenzari
Cheibriados
Dithmenos
Elyvilon
Fedhas
Gozag
Hepliaklqana
Kikubaaqudgha
Makhleb
Nemelex Xobeh
Okawaru
Qazlal
Ru
Sif Muna
Trog
Uskayaw
Vehumet
Wu Jian
Xom
Yredelemnul
Zin
The Shining One
Beogh

Shops:
D:2 *   D:6 (

Portals:
Trove: D:10 (give 12 potions of heal wounds)

Annotations:
D:6 2 transporters, bande's ghost, novice GrFi


Innate Abilities, Weirdness & Mutations

You are immune to sickness and miasma.
You are immune to poison.
Your flesh is very heat resistant. (rF++)
You are vulnerable to cold. (rC-)
You float through the air rather than walking.
You learn spells naturally, not from books.
Your magical power is your life essence.
You have superior vitality. (+4 MHP)


Message History

You see here the +1 robe of Lies {+Blink rC+}.
G - the +1 robe of Lies {+Blink rC+} A shock serpent comes into view.
You closely miss the shock serpent. The shock serpent misses you.
The shock serpent bites you. The shock serpent shocks you!
You closely miss the shock serpent. You block the shock serpent's attack.
You barely miss the shock serpent.
The shock serpent completely misses you.
You closely miss the shock serpent. The shock serpent bites you.
The shock serpent shocks you!
The shock serpent shoots out a bolt of lightning at you!
The bolt of electricity hits you!
You hit the shock serpent.
The shock serpent is poisoned.
The shock serpent is lightly wounded.
The shock serpent misses you.
You slash the shock serpent!
The shock serpent looks as sick as possible!
The shock serpent is moderately wounded.
The shock serpent's electric aura discharges, shocking you!
You block the shock serpent's attack. The shock serpent misses you.
You closely miss the shock serpent.
The shock serpent is moderately wounded.
The shock serpent bites you but does no damage.
You slash the shock serpent!
The shock serpent looks as sick as possible!
The shock serpent is heavily wounded.
The shock serpent's electric aura discharges, shocking you!
* * * LOW HITPOINT WARNING * * *
The shock serpent closely misses you.
The shock serpent shoots out a bolt of lightning at you!
The bolt of electricity hits you!!
* * * LOW HITPOINT WARNING * * *
You feel better. The shock serpent closely misses you.
It was a potion of attraction.
You feel attractive to monsters.
The shock serpent is engulfed in freezing vapours.
The shock serpent seems to slow down.
The shock serpent shoots out a bolt of lightning at you!
The bolt of electricity hits you!!
You die...

## #.### ## #...###
## ###.... #.....###
.# #......
#.......### ##
...... #.........###
.C.#####.S@...../#
## #'#.#.#'#[....###
.###
###...#...###.###
...###.....).)...###
....####...#.†.###
....#..#'#.#.#'#
....#....#####...
....'.....!# .....'
....#....###
#....#..


You could see a shock serpent (extremely poisoned, slow).

Vanquished Creatures
  A catoblepas (D:10)
  2 two-headed ogres
  Pikel (D:7)
  An ugly thing (D:10)
  Maggie (D:6)
  An unseen horror (D:10)
  Sigmund (D:3)
  Eustachio (D:6)
  A wyvern (D:10)
  A vampire (D:9)
  A wraith (D:10)
  A basilisk (D:10)
  6 yaks (D:9)
  2 vampire mosquitoes (D:10)
  2 steam dragons
  Edmund (D:4)
  10 orc warriors
  2 water moccasins (D:7)
  A sky beast (D:5)
  A black bear (D:7)
  3 ice beasts
  2 necrophages
  2 ogres
  4 centaurs
  A phantom (D:4)
  2 kobold brigands
  5 scorpions
  2 bullfrogs
  2 gnoll sergeants (D:8)
  5 killer bees
  A wight (D:10)
  An electric eel (D:7)
  A vampire bat (D:6)
  5 howler monkeys
  A bullfrog zombie (D:6)
  2 hounds
  A jelly (D:5)
  A bullfrog skeleton (D:7)
  7 orc priests
  A gnoll shaman (D:3)
  Ijyb (D:4)
  5 iguanas (D:5)
  13 orc wizards
  Natasha (thrice) (D:4)
  A hound skeleton (D:5)
  16 gnolls
  14 adders
  2 white imps
  An adder skeleton (D:4)
  2 worms
  4 dart slugs
  64 orcs
  12 ball pythons
  3 bat skeletons (D:6)
  4 bat zombies (D:6)
  3 endoplasms
  3 giant cockroaches
  7 goblins
  8 hobgoblins (D:1)
  3 jackals (D:1)
  5 quokkas
  9 bats
  4 frilled lizards
  14 kobolds
  7 rats
  A bush (D:7)
296 creatures vanquished.

Vanquished Creatures (others)
  15 fungi
  31 plants
46 creatures vanquished.

Grand Total: 342 creatures vanquished

Notes
Turn   | Place    | Note
-------+----------+-------------------------------------------
     0 | D:1      | HallandMoats the Djinni Fighter began the quest for the
                  | Orb.
     0 | D:1      | Reached XP level 1. HP: 20/20 MP: 0/0
   287 | D:1      | Reached XP level 2. HP: 25/25 MP: 0/0
   468 | D:1      | Reached skill level 1 in Dodging
   610 | D:1      | Reached XP level 3. HP: 30/30 MP: 0/0
   610 | D:1      | Learned a level 1 spell: Sandblast
   696 | D:1      | Reached skill level 1 in Invocations
   794 | D:1      | Found a faded altar of an unknown god.
  1773 | D:2      | Reached XP level 4. HP: 24/35 MP: 0/0
  2102 | D:2      | Found Taum's General Store.
  2478 | D:3      | Noticed Sigmund
  2491 | D:3      | Killed Sigmund
  2492 | D:3      | Reached XP level 5. HP: 10/40 MP: 0/0
  2492 | D:3      | Learned a level 2 spell: Corpse Rot
  2492 | D:3      | Reached XP level 6. HP: 11/46 MP: 0/0
  3505 | D:3      | Found a glowing golden altar of the Shining One.
  3573 | D:3      | Found a hazy altar of Hepliaklqana.
  3742 | D:4      | Reached XP level 7. HP: 45/51 MP: 0/0
  3742 | D:4      | Learned a level 2 spell: Scorch
  3784 | D:4      | Noticed Edmund
  3807 | D:4      | Killed Edmund
  4238 | D:4      | Noticed Ijyb
  4260 | D:4      | Killed Ijyb
  4483 | D:4      | Noticed Natasha
  4491 | D:4      | Killed Natasha
  4504 | D:4      | Noticed Natasha
  4509 | D:4      | Killed Natasha
  5227 | D:4      | Noticed Natasha
  5232 | D:4      | Killed Natasha
  5473 | D:4      | Reached XP level 8. HP: 16/58 MP: 0/0
  5919 | D:5      | Entered Level 5 of the Dungeon
  5919 | D:5      | Found a basalt altar of Yredelemnul.
  6130 | D:5      | Found an ornate altar of the Wu Jian Council.
  6260 | D:5      | Reached skill level 5 in Dodging
  6690 | D:5      | Reached XP level 9. HP: 63/63 MP: 0/0
  6690 | D:5      | Learned a level 3 spell: Mephitic Cloud
  6719 | D:5      | Found a burning altar of Makhleb.
  6719 | D:5      | Noticed a balrug
  6765 | D:5      | Found a broken altar of Ashenzari.
  6881 | D:5      | Found a snail-covered altar of Cheibriados.
  7267 | D:6      | Reached skill level 5 in Invocations
  7305 | D:6      | Noticed Eustachio
  7320 | D:6      | Killed Eustachio
  7324 | D:6      | Found Coacvi's Antique Weapon Shop.
  8129 | D:6      | Noticed Maggie
  8141 | D:6      | Killed Maggie
  8142 | D:6      | Reached skill level 5 in Fighting
  8142 | D:6      | Reached skill level 5 in Axes
  8142 | D:6      | Reached skill level 5 in Armour
  8142 | D:6      | Reached skill level 5 in Shields
  8432 | D:6      | Found a transporter.
  8432 | D:6      | Noticed bande's ghost (novice GrFi)
  8468 | D:6      | Found a transporter.
  8771 | D:7      | Found a staircase to the Ecumenical Temple.
  8804 | Temple   | Entered the Ecumenical Temple
  9003 | Temple   | Became a worshipper of Qazlal Stormbringer
  9174 | D:7      | Found an iron altar of Okawaru.
  9338 | D:7      | Reached XP level 10. HP: 70/70 MP: 0/0
  9373 | D:7      | Found a white marble altar of Elyvilon.
 10066 | D:8      | Noticed Pikel
 10083 | D:7      | Killed Pikel
 10141 | D:8      | Noticed a two-headed ogre
 10262 | D:7      | HP: 2/72 [two-headed ogre (10)]
 10461 | D:7      | Killed a two-headed ogre
 10693 | D:8      | Reached * piety under Qazlal
 11112 | D:8      | Found a sparkling altar of Nemelex Xobeh.
 11341 | D:9      | Reached XP level 11. HP: 65/79 MP: 0/0
 11341 | D:9      | Learned a level 5 spell: Summon Forest
 11452 | D:9      | Reached ** piety under Qazlal
 11851 | D:9      | Reached *** piety under Qazlal
 12182 | D:10     | Entered Level 10 of the Dungeon
 12414 | D:10     | Noticed a white ugly thing
 12518 | D:10     | Found a portal to a secret trove of treasure.
 12581 | D:10     | Noticed a red ugly thing
 12620 | D:10     | Killed a red ugly thing
 12722 | D:10     | Noticed a two-headed ogre
 12755 | D:10     | Killed a two-headed ogre
 12813 | D:10     | Noticed a catoblepas
 12818 | D:10     | Noticed a shock serpent
 12823 | D:10     | Killed a catoblepas
 12950 | D:10     | Noticed a cyclops
 12961 | D:10     | Identified the +1 robe of Lies {+Blink rC+}
 12964 | D:10     | Noticed a shock serpent
 12973 | D:10     | HP: 1/82 [shock serpent (shapeshifter)/bolt of electricity
                  | (23)]
 12975 | D:10     | Killed from afar by a shock serpent (shapeshifter)

Illustrated notes

Levels and vault maps discovered:
D:1:      mrwooster_arrival_statue_3, layout_basic,
          shapermc_ecumenical_altar_totnotflames
D:2:      layout_rooms, serial_shops, nicolae_shop_advertising_works
          [nicolae_subvault_shop_adworks], kennysheep_generic_room_5
D:3:      layout_loops_ring, nicolae_tso_swordbearing_angel,
          worldfamousw_hep_ancestral_shrine, uniq_sigmund
D:4:      layout_layer_cave, uniq_ijyb, uniq_edmund, uniq_natasha
D:5:      layout_cave_pools, yredelemnul_altar_generic,
          ashenzari_conservatory_becter, nzn_wu_jian_contemplation,
          mainiacjoe_overflow_boulevard, makhleb_altar_promises_db,
          serial_bayou, serial_bayou_shore_b, serial_bayou_shore_b,
          serial_bayou_ford_a, serial_bayou_pond_b
D:6:      old_forge, layout_basic, kennysheep_vampire_church,
          gammafunk_ghost_arena, portal_sewer_entry_b, minmay_shop_grid_forest,
          minmay_misc_feat_columns, uniq_eustachio, uniq_maggie
D:7:      layout_basic, okawaru_trees_1, nicolae_elyvilon_peaceful_grove,
          minmay_temple_entry_ruins, kb_lookout_dungeons_type,
          nicolae_lava_and_water
D:8:      layout_cave_pools, nemelex_spade_bored_becter, minmay_orc_keep,
          uniq_pikel
D:9:      layout_roguey [special_room_orc]
D:10:     nicolae_hexawheel, layout_loops_corners, minmay_lair_entry_grove,
          enter_trove_0
Temple:   minmay_temple_curvy_loop

Skill      XL: |  1  2  3  4  5  6  7  8  9 10 11 |
---------------+----------------------------------+-----
Dodging        | 1 2 3 4 5 6 7 8 |  8.1
Invocations    | 1 2 3 4 5 6 7 |  7.3
Axes           | 2 3 4 5 6 7 |  7.6
Fighting       | 4 5 7 8 |  8.4
Shields        | 4 5 |  5.0
Armour         | 4 5 6 8 |  8.3

Action                   |  1- 3 |  4- 6 |  7- 9 | 10-12 || total
-------------------------+-------+-------+-------+-------++-------
Melee: War axe           |   126 |    53 |       |       ||   179
       Scythe            |       |    33 |       |       ||    33
       Hand axe          |       |    24 |     8 |   422 ||   454
       Flail             |       |       |   326 |   131 ||   457
Throw: Throwing net      |       |       |     1 |       ||     1
  Use: Potion            |       |     1 |       |     2 ||     3
       Scroll            |       |       |       |     5 ||     5
Armor: Scale mail        |    61 |    53 |   110 |       ||   224
       Swamp dragon scal |       |       |    12 |   150 ||   162
Dodge: Dodged            |    59 |    52 |   218 |   362 ||   691
Block: Buckler           |    25 |    17 |   124 |   247 ||   413

Table legend: (Time is in decaauts)
 A = Elapsed time spent in this place.
 B = Non-inter-level travel time spent in this place.
 C = Inter-level travel time spent in this place.
 D = Time resting spent in this place.
 E = Time spent auto-exploring this place.
 F = Levels seen in this place.
 G = Mean time per level.
                   A        B        C        D        E       F      G
               +--------+--------+--------+--------+--------+-----+--------+
         Total |  13195 |  12978 |    217 |   2938 |   7019 |  11 | 1199.5 |
       Dungeon |  12949 |  12732 |    217 |   2938 |   6840 |  10 | 1294.9 |
        Temple |    245 |    245 |      0 |      0 |    179 |   1 |  245.0 |
               +--------+--------+--------+--------+--------+-----+--------+

Top non-repeatable levels by time:
     D:3: 1711 daAuts
     D:1: 1673 daAuts
     D:4: 1551 daAuts
     D:6: 1536 daAuts
     D:7: 1482 daAuts
     D:5: 1346 daAuts
     D:2: 1123 daAuts
     D:9: 969 daAuts
     D:8: 813 daAuts
    D:10: 741 daAuts
  Temple: 245 daAuts
